 Dungeon Crawl Stone Soup version 0.18.1-48-g4cf74bf (webtiles) character file.

506 Gargoyl the Skirmisher (level 6, -5/50 HPs)
             Began as a Demonspawn Abyssal Knight on Aug 22, 2016.
             Was a Priest of Lugonu.
             Slain by an ogre
             ... wielding a +0 giant club
              (21 damage)
             ... on level 5 of the Dungeon.
             The game lasted 00:06:22 (3251 turns).

Gargoyl the Skirmisher (Demonspawn Abyssal Knight)  Turns: 3251, Time: 00:06:23

Health: -5/50      AC: 13    Str: 15    XL:     6   Next: 97%
Magic:  8/8        EV:  5    Int: 13    God:    Lugonu [***...]
Gold:   230        SH:  0    Dex: 12    Spells: 0 memorised, 5 levels left

rFire  . . .     SeeInvis .     w - +1 war axe (chop)
rCold  + . .     Gourm    +     h - +0 plate armour
rNeg   . . .     Faith    .     (no shield)
rPois  .         Spirit   .     (helmet restricted)
rElec  .         Dismiss  .     (no cloak)
rCorr  .         Reflect  .     (no gloves)
SustAt .         Harm     .     (no boots)
MR     .....                    t - amulet of the gourmand
Stlth  ..........               (no ring)
                                (no ring)

@: not resistant to hostile enchantments, extremely unstealthy
A: antennae 1, yellow scales 1, cold resistance 1, spiny 1
a: Depart the Abyss, Bend Space, Banish, Renounce Religion


You were on level 5 of the Dungeon.
You worshipped Lugonu.
Lugonu was most pleased with you.
You were not hungry.

You visited 1 branch of the dungeon, and saw 5 of its levels.
You visited the Abyss 1 time.

You collected 230 gold pieces.

Inventory:

Hand Weapons
 f - the +8 trident "Jeubefra" {pierce, rPois Str+2}
   (You found it on level 2 of the Abyss)

   It inflicts extra damage upon your enemies.
   It affects your strength (+2).
   It protects you from poison.
 s - a +0 broad axe
 w - a +1 war axe of chopping (weapon)
Armour
 h - a +0 plate armour (worn)
 n - a +0 pair of gloves
Jewellery
 t - an amulet of the gourmand (around neck)
Scrolls
 d - 5 scrolls of remove curse
 e - a scroll of teleportation
 k - a scroll of amnesia
 l - a scroll of blinking
Potions
 b - a potion of invisibility {unknown}
 g - a potion of heal wounds {unknown}
 i - 2 potions of curing {unknown}
 m - a potion of degeneration {unknown}
 o - a potion of resistance {unknown}
Books
 a - a book of Ice

   Spells                             Type                      Level
   a - Ice Form                       Ice/Transmutation            4
   b - Metabolic Englaciation         Hexes/Ice                    5
   c - Ozocubu's Refrigeration        Ice                          6
   d - Bolt of Cold                   Conjuration/Ice              6
   e - Freezing Cloud                 Conjuration/Ice/Air          6
   f - Simulacrum                     Ice/Necromancy               6
Comestibles
 c - 6 bread rations
 j - 2 meat rations
 q - a royal jelly
 r - a slice of pizza
 v - 4 fruits


   Skills:
 + Level 4.8 Fighting
 + Level 2.2(2.6) Axes
 + Level 2.0(2.5) Polearms
 * Level 4.1 Armour
 + Level 2.4 Dodging
 + Level 1.6 Stealth
 + Level 2.8 Invocations


You had 5 spell levels left.
You didn't know any spells.

Dungeon Overview and Level Annotations

Branches:
Dungeon (5/15)             Temple (0/1) D:4

Altars:
Pakellas
Qazlal
Vehumet


Innate Abilities, Weirdness & Mutations

You have a pair of small antennae on your head.
You are partially covered in yellow scales (AC +2).
Your flesh is cold resistant.
You are partially covered in sharp spines.


Message History

What level of the Dungeon? (default 1, ? - help)
There is a stone staircase leading down here.
You climb downwards.
An ogre comes into view. It is wielding a giant club.
The ogre shouts!
Found a pair of gloves.
There is a stone staircase leading up here.
A killer bee zombie comes into view.
You see here a pair of gloves.
n - a pair of gloves Your plate armour prevents you from hitting the ogre.
The ogre hits you with a giant club!
You slash the ogre!
The ogre is heavily wounded.
The ogre hits you with a giant club!
Your plate armour prevents you from hitting the ogre.
The ogre is heavily wounded.
The ogre is struck by your spines. The ogre hits you with a giant club!
The ogre is struck by your spines. The ogre hits you with a giant club!!
You die...

#....
###....##
........#
.......<#
........+
........#
###.##..#
####.##O.##
.......@..#
..........#
..........#
..........+
..........#
##...######
#... .....
....


You could see an ogre.

Vanquished Creatures
  Blork the orc (D:4)
  A water moccasin skeleton (D:4)
  A scorpion (D:4)
  A howler monkey (D:4)
  2 orc priests (D:4)
  An orc wizard (D:4)
  2 worker ants (D:4)
  A hound skeleton (D:4)
  A worker ant zombie (D:3)
  4 adders
  4 worms
  2 dart slugs
  5 giant geckos
  7 orcs
  4 giant cockroaches
  7 goblins
  6 hobgoblins
  5 jackals
  10 kobolds
  3 quokkas
  2 ball pythons
  12 bats
  4 giant newts
  10 rats
96 creatures vanquished.

Notes
Turn   | Place    | Note
--------------------------------------------------------------
     0 | Abyss:1  | Gargoyl the Demonspawn Abyssal Knight began the quest for the Orb.
     0 | Abyss:1  | Reached XP level 1. HP: 18/18 MP: 2/2
    51 | Abyss:2  | Noticed a raiju
    56 | Abyss:2  | Noticed a large abomination
    61 | Abyss:2  | Got a dazzling trident
    63 | D:1      | Escaped the Abyss
    64 | D:1      | Identified the +8 trident "Jeubefra" {pierce, rPois Str+2} (You found it on level 2 of the Abyss)
   107 | D:1      | Reached * piety under Lugonu
   314 | D:1      | Gained mutation: You are partially covered in sharp spines. [demonic ancestry]
   314 | D:1      | Reached XP level 2. HP: 7/24 MP: 3/3
   969 | D:1      | Reached ** piety under Lugonu
   969 | D:1      | Reached XP level 3. HP: 29/29 MP: 5/5
  1136 | D:2      | Reached skill level 1 in Dodging
  1293 | D:2      | Found a radiant altar of Vehumet.
  1384 | D:2      | Found an oddly glowing altar of Pakellas.
  1487 | D:2      | Gained mutation: You are partially covered in yellow scales (AC +2). [demonic ancestry]
  1487 | D:2      | Reached XP level 4. HP: 37/37 MP: 6/6
  1725 | D:3      | Reached *** piety under Lugonu
  2131 | D:4      | Reached skill level 1 in Polearms
  2131 | D:4      | Gained mutation: Your flesh is cold resistant. [demonic ancestry]
  2131 | D:4      | Reached XP level 5. HP: 42/43 MP: 7/7
  2154 | D:4      | Noticed Blork the orc
  2158 | D:4      | Reached skill level 1 in Stealth
  2164 | D:4      | Killed Blork the orc
  2164 | D:4      | Gained mutation: You have a pair of small antennae on your head. [demonic ancestry]
  2164 | D:4      | Reached XP level 6. HP: 27/49 MP: 8/8
  2313 | D:4      | Noticed a water elemental
  2315 | D:4      | Found a stormy altar of Qazlal.
  2317 | D:4      | Noticed an air elemental
  2317 | D:4      | Noticed a fire elemental
  2568 | D:4      | Found a staircase to the Ecumenical Temple.
  3240 | D:5      | Entered Level 5 of the Dungeon
  3251 | D:5      | Slain by an ogre

Skill      XL: |  1  2  3  4  5  6 |
---------------+-------------------+-----
Armour         | 2 3 4 |  4.1
Dodging        | 1 2 |  2.4
Fighting       | 4 |  4.8
Polearms       | 1 2 |  2.0
Stealth        | 1 |  1.6
Axes           | 2 |  2.2
Invocations    | |  2.8

Action                   |  1- 3 |  4- 6 || total
-------------------------+-------+-------++-------
Melee: Trident           |    46 |    30 ||    76
       War axe           |       |    35 ||    35
Invok: Depart the Abyss  |     1 |       ||     1
Evoke: Wand              |       |     1 ||     1
  Use: Scroll            |       |     9 ||     9
 Stab: Sleeping          |       |     1 ||     1
  Eat: Chunk             |     2 |     5 ||     7
Armor: Leather armour    |    16 |     5 ||    21
       Chain mail        |       |    29 ||    29
       Plate armour      |       |     5 ||     5
Dodge: Dodged            |    25 |    25 ||    50
